 Dungeon Crawl Stone Soup version 0.31-a0-236-g9a0961fb85 (webtiles) character file.

Game seed: 820020712906880080

614 qw the Shooter (level 7, 0/61 HPs)
             Began as a Minotaur Hexslinger on July 10, 2023.
             Slain by a scorpion (5 damage)
             ... on level 4 of the Dungeon.
             The game lasted 00:01:08 (2290 turns).

qw the Shooter (Minotaur Hexslinger)                Turns: 2290, Time: 00:01:08

Health: 0/61       AC:  5    Str: 13    XL:     7   Next: 20%
Magic:  7/7        EV: 12    Int: 10    God:
Gold:   130        SH:  0    Dex: 14    Spells: 7/8 levels left

rFire   . . .        Y - +2 sling
rCold   . . .        (no shield)
rNeg    . . .        h - +0 leather armour
rPois   .            (helmet restricted)
rElec   .            (no cloak)
rCorr   .            b - +0 pair of gloves
SInv    .            f - +0 pair of boots
Will    .....        e - amulet of regeneration
Stlth   +            (no ring)
HPRegen 1.10/turn    (no ring)
MPRegen 0.10/turn

%: no passive effects
@: no status effects
A: horns 2, retaliatory headbutt
a: no special abilities


You were on level 4 of the Dungeon.
You visited 1 branch of the dungeon, and saw 4 of its levels.

You collected 130 gold pieces.


Innate Abilities, Weirdness & Mutations

You have a pair of horns on your head.
You reflexively headbutt those who attack you in melee.


   Skills:
 - Level 5.1 Fighting
 + Level 7.0 Ranged Weapons
 - Level 2.4 Armour
 - Level 2.1 Dodging
 - Level 1.0 Spellcasting
 - Level 2.0 Hexes


You had 7 spell levels left.
You knew the following spells:

 Your Spells              Type           Power      Damage    Failure   Level
a - Slow                  Hex            16%        N/A       19%         1

Your spell library contained the following spells:

 Spells                   Type           Power      Damage    Failure   Level
 Inner Flame              Hex/Fire       2%         N/A       65%         3
 Portal Projectile        Hex/Tloc       4%         N/A       65%         3
 Cause Fear               Hex            2%         N/A       88%         4

Inventory:

Hand Weapons
 Y - a +2 sling (weapon)
Armour
 b - a +0 pair of gloves (worn)
 f - a +0 pair of boots (worn)
 h - a +0 leather armour (worn)
Jewellery
 c - an amulet of reflection
 e - an amulet of regeneration (around neck)
Scrolls
 j - a scroll of identify
Potions
 a - a potion of resistance
 d - a potion of enlightenment {unknown}
 g - a potion of curing
 i - a potion of might {unknown}
 m - a potion of attraction {unknown}

Dungeon Overview and Level Annotations

Branches:
Dungeon (4/15)
 Temple: D:4-7

Altars:
Elyvilon
Ru
Sif Muna

Shops:
D:1 (!

Annotations:
D:3 1 runed translucent door, qw's ghost, weakling GrHs


Message History

You headbutt the scorpion, but do no damage.
Blork the orc barely misses you.
You shoot a sling bullet. The sling bullet hits Blork the orc!
Blork the orc is almost dead.
Blork the orc points at you and mumbles some strange words.
The puff of flame hits you! The scorpion completely misses you.
You shoot a sling bullet.
The sling bullet barely misses Blork the orc.
The sling bullet barely misses the iguana.
Blork the orc points at you and mumbles some strange words.
The magic dart hits you but does no damage.
The scorpion stings you but does no damage.
Blork the orc closely misses you.
You shoot a sling bullet.
The sling bullet hits Blork the orc but does no damage.
Blork the orc is almost dead.
The scorpion barely misses you. Blork the orc closely misses you.
You furiously retaliate!
You headbutt Blork the orc.
The scorpion stings you but does no damage.
You shoot a sling bullet. The sling bullet hits Blork the orc!
You kill Blork the orc!
The scorpion stings you. The iguana barely misses you.
Your Ranged Weapons skill increases to level 7!
You shoot a sling bullet.
The sling bullet closely misses the scorpion.
The scorpion stings you. The iguana bites you!
You shoot a sling bullet. The sling bullet hits the scorpion.
The scorpion is heavily wounded.
The scorpion closely misses you. The iguana bites you. The scorpion misses you.
You shoot a sling bullet. The sling bullet hits the scorpion.
The scorpion is severely wounded.
The scorpion stings you. The iguana barely misses you. You furiously retaliate!
You headbutt the iguana. You shoot a sling bullet.
The sling bullet hits the scorpion.
The scorpion is almost dead.
The scorpion misses you. The iguana bites you.
You shoot a sling bullet. The sling bullet hits the scorpion.
The scorpion is almost dead.
The scorpion stings you.
You die...

### ##
.....########.#
......l@.....# ##
.#....s##.#.###.#
.....#.##....#.###
#.#. #...........#
... ####..##.##.#
#. .....##.##.# #
#####.##....#
#.........#
.....###.).# ####


You could see a scorpion and an iguana.

Vanquished Creatures
  Sigmund (D:4)
  Eustachio (D:4)
  An ogre (D:4)
  A phantom (D:4)
  Blork the orc (D:4)
  An iguana (D:3)
  2 adders
  6 dart slugs
  An orc (D:4)
  6 endoplasms
  A giant cockroach (D:1)
  6 goblins
  5 hobgoblins
  4 jackals (D:2)
  3 quokkas
  3 ball pythons
  5 bats
  6 frilled lizards
  5 kobolds
  7 rats
66 creatures vanquished.

Notes
Turn   | Place    | Note
-------+----------+-------------------------------------------
     0 | D:1      | qw the Minotaur Hexslinger began the quest for the Orb.
     0 | D:1      | Reached XP level 1. HP: 16/16 MP: 1/1
     0 | D:1      | 0 ||| qw: Version: 0.3-a-52-g30416fa
     0 | D:1      | 0 ||| qw: Game counter: 4945
     0 | D:1      | 0 ||| qw: Melee chars always use a shield: true
     0 | D:1      | 0 ||| qw: God list: Okawaru
     0 | D:1      | 0 ||| qw: Allow faded altars: false
     0 | D:1      | 0 ||| qw: Do Orc after clearing Dungeon:15 true
     0 | D:1      | 0 ||| qw: Do second Lair branch before Depths: true
     0 | D:1      | 0 ||| qw: Lair rune preference: random
     0 | D:1      | 0 ||| qw: Goals: Normal
     0 | D:1      | 0 ||| PLANNING D:1-11
    49 | D:1      | Reached skill level 3 in Ranged Weapons
    49 | D:1      | Reached XP level 2. HP: 23/23 MP: 2/2
    56 | D:1      | Found Leoffeiv's Antique Weapon Boutique.
   358 | D:1      | Reached XP level 3. HP: 29/29 MP: 3/3
   369 | D:1      | 369 ||| FLEEEEING.
   370 | D:1      | 370 ||| FLEEEEING.
   371 | D:1      | 371 ||| FLEEEEING.
   372 | D:1      | 372 ||| FLEEEEING.
   373 | D:1      | 373 ||| FLEEEEING.
   374 | D:1      | 374 ||| FLEEEEING.
   380 | D:1      | 380 ||| FLEEEEING.
   381 | D:1      | 381 ||| FLEEEEING.
   382 | D:1      | 382 ||| FLEEEEING.
   383 | D:1      | 383 ||| FLEEEEING.
   384 | D:1      | 384 ||| FLEEEEING.
   385 | D:1      | 385 ||| FLEEEEING.
   386 | D:1      | 386 ||| FLEEEEING.
   387 | D:1      | 387 ||| FLEEEEING.
   468 | D:1      | Found a shimmering blue altar of Sif Muna.
   572 | D:1      | Found Keonucw's Distillery.
   580 | D:1      | 580 ||| SHOPLISTING potion of cancellation (104 gold, have
                  | 13).
   580 | D:1      | 580 ||| SHOPLISTING potion of curing (39 gold, have 13).
   580 | D:1      | 580 ||| SHOPLISTING potion of heal wounds (65 gold, have
                  | 13).
   580 | D:1      | 580 ||| SHOPLISTING potion of mutation (104 gold, have 13).
   580 | D:1      | 580 ||| SHOPLISTING potion of resistance (130 gold, have
                  | 13).
   808 | D:1      | Reached skill level 4 in Ranged Weapons
   954 | D:1      | 954 ||| UPGRADING to +0 pair of boots.
   959 | D:1      | 959 ||| UPGRADING to amulet of regeneration.
   964 | D:1      | 964 ||| READING scroll labelled ZIMNOG NIJOQ.
   965 | D:1      | 965 ||| READING scroll labelled UBRETRABLA.
   966 | D:1      | 966 ||| READING scroll labelled MUAMYA BAPHICH.
   967 | D:1      | 967 ||| READING scroll labelled RAONAF ZEILI.
   968 | D:1      | 968 ||| READING scroll labelled ZUMEOW GANTIOS.
   969 | D:1      | 969 ||| DROPPING scroll of poison.
  1382 | D:2      | Reached XP level 4. HP: 36/36 MP: 4/4
  1528 | D:2      | 1528 ||| UPGRADING to +0 pair of gloves.
  1533 | D:2      | 1533 ||| DRINKING 2 metallic coppery potions.
  1551 | D:3      | Found a sacrificial altar of Ru.
  1590 | D:3      | Reached skill level 5 in Ranged Weapons
  1782 | D:3      | Found a white marble altar of Elyvilon.
  1896 | D:3      | Found a runed translucent door.
  1915 | D:3      | Noticed qw's ghost (weakling GrHs)
  1946 | D:3      | 1946 ||| UPGRADING to +0 leather armour.
  1956 | D:3      | 1956 ||| DROPPING +0 robe.
  1957 | D:3      | 1957 ||| READING scroll labelled TUTUAG JAUSELIY.
  1958 | D:3      | 1958 ||| READING scroll labelled WEEJUD VENK.
  1989 | D:3      | 1989 ||| READING 2 scrolls of identify.
  1989 | D:3      | 1989 ||| IDENTIFYING ruby potion
  2023 | D:4      | Noticed Sigmund
  2043 | D:4      | Killed Sigmund
  2044 | D:4      | Reached XP level 5. HP: 30/48 MP: 5/5
  2128 | D:4      | Noticed a phantom
  2147 | D:4      | Killed a phantom
  2148 | D:4      | Reached XP level 6. HP: 45/56 MP: 6/6
  2232 | D:4      | Noticed Eustachio
  2244 | D:4      | Killed Eustachio
  2245 | D:4      | Reached skill level 6 in Ranged Weapons
  2245 | D:4      | Reached XP level 7. HP: 50/61 MP: 7/7
  2270 | D:4      | Noticed Blork the orc
  2285 | D:4      | Killed Blork the orc
  2286 | D:4      | Reached skill level 7 in Ranged Weapons
  2286 | D:4      | HP: 8/61 [iguana (8)]
  2290 | D:4      | Slain by a scorpion

Levels and vault maps discovered:
D:1:      ncdulo_lavacross, layout_basic, serial_shops,
          nicolae_shop_statue_plus, nicolae_shop_industrial_runoff,
          grunt_decor_mini_mirrors, minmay_hexomino_r4
D:2:      layout_rooms, roderic_lattice_a, uniq_crazy_yiuf_cottage
D:3:      layout_rooms, elyvilon_altar_5, lemuel_doored_altar,
          ebering_ghost_sewer_d
D:4:      layout_loops_cross, nicolae_stop_n_shop_1, uniq_eustachio,
          uniq_sigmund, uniq_duvessa, uniq_blork_the_orc

Skill      XL: |  1  2  3  4  5  6  7 |
---------------+----------------------+-----
Ranged Weapons | 3 4 5 6 7 |  7.0
Fighting       | 2 5 |  5.1
Armour         | 2 |  2.4
Dodging        | |  2.1
Spellcasting   | |  1.0
Hexes          | |  2.0

Action                     |  1- 3 |  4- 6 |  7- 9 || total
---------------------------+-------+-------+-------++-------
   Fire: Sling             |   134 |   102 |    23 ||   259
    Use: Scroll            |     5 |     3 |       ||     8
         Potion            |       |     1 |       ||     1
 Armour: Robe              |    13 |     6 |       ||    19
         Leather armour    |       |    16 |     5 ||    21
  Dodge: Dodged            |    39 |    45 |    14 ||    98

Table legend:
 A = Non-vault XP
 B = Vault XP
 C = Vault XP percentage of total XP
 D = Non-vault monster count
 E = Vault monster count
 F = Vault count percentage of total count
                 A         B        C        D         E       F
            +---------+---------+-------+---------+---------+-------
      Total |     388 |     490 |  55.8 |      59 |       7 |  10.6
            +---------+---------+-------+---------+---------+-------
        D:1 |      57 |       8 |  12.3 |      30 |       4 |  11.8
        D:2 |      33 |       0 |   0.0 |      12 |       0 |   0.0
        D:3 |      67 |       0 |   0.0 |      11 |       0 |   0.0
        D:4 |     231 |     482 |  67.6 |       6 |       3 |  33.3
            +---------+---------+-------+---------+---------+-------
